[Event "Early-Titled-Tuesday-Blitz-February-27-2024"]
[Site "Chess.com"]
[Date "2024.02.27"]
[Round "1"]
[White "vovachesss"]
[Black "Flaccidmoves"]
[Result "1-0"]
[WhiteElo "2784"]
[BlackElo "2447"]
[TimeControl "180+1"]
[EndTime "8:08:08 PST"]
[Termination "vovachesss won by resignation"]

1. e4 g6 2. d4 Bg7 3. c3 d6 4.
Nf3 Nf6 5. Bd3 O-O 6. O-O Nc6 7.
Re1 e5 8. h3 Nh5 9. Bg5 f6 10.
Be3 f5 11. dxe5 f4 12. Bd4 Nxe5 13. Nxe5 Bxe5 14. Nd2 Be6 15. Nf3 Bg7 16. Qa4 c6 17. Bc4 Bxc4 18. Qxc4+ Kh8 19. Rad1 Qe7 20. a4 a6 21. a5 Rae8 22. Bxg7+ Nxg7 23. Qb4 Rf6 24. e5 dxe5 25. Qxe7 Rxe7 26. Rd8+ Ne8 27. Rxe5 Rxe5 28. Nxe5 Re6 29. Nd3 Re7 30. Nxf4 Kg7 31. Nd3 Nf6 32. f3 Nd5 33. Rb8 Ne3 34. Nc5 Nc4 35. b4 Re2 36. Rxb7+ Kh6 37. Nxa6 Ne3 38. Re7 Rxg2+ 39. Kh1 Re2 40.
Re4 Kg5 41. Nc5 Re1+ 42. Kh2 Nf1+ 43. Kg1 Ra1 44. Nb3 Rb1 45. Kf2 Rxb3 46. Kxf1 Rxc3 47.
a6 Rxf3+ 48. Ke2 Ra3 49. Re5+ Kf4 50. Ra5 Re3+ 51. Kf2 Re8 52. Rc5 Ra8 53. Rxc6 Ke4 54. b5 Kd5 55. h4 h6 56. Rxg6 1-0

[Event "Early-Titled-Tuesday-Blitz-February-27-2024"]
[Site "Chess.com"]
[Date "2024.02.27"]
[Round "1"]
[White "JERO-8914"]
[Black "Korchmar_Vasiliy"]
[Result "1-0"]
[WhiteElo "2441"]
[BlackElo "2733"]
[TimeControl "180+1"]
[EndTime "8:08:09 PST"]
[Termination "JERO-8914 won by resignation"]

1. e4 c5 2. Nf3 d6 3. c4 e5 4. Nc3 Nc6 5. d3 g6 6. Be2 Bg7 7. O-O Nge7 8. a3 O-O 9. Rb1 a5 10.
Nd5 Nxd5 11. cxd5 Ne7 12. b4 cxb4 13. axb4 a4 14. b5 h6 15. Ba3 g5 16. Nd2 f5 17.
Nc4 Rf6 18. Rb4 Ng6 19. g3 fxe4 20. dxe4 Bh3 21. Bg4 Bxf1 22. Qxf1 Ne7 23. Be6+ Kh8 24. Qe2 Rxe6 25. dxe6 d5 26. exd5 Nxd5 27. Rb2 Qe8 28. Qg4 e4 29. Nd6 Qg6 30. Nf7+ Kg8 31. Rd2 Nf6 32.
Qd1 Qf5 33. Rd8+ Rxd8 34. Qxd8+ Kh7 35. e7 Ng4 36. Bc5 e3 37. Bxe3 Qb1+ 38. Kg2 Qe4+ 39.
Kh3 Nf6 40. Nxg5+ hxg5 41. Bxg5 Qg4+ 42. Kg2 Qxg5 43. e8=Q Qf5 44. Qe3 Ng4 45. Qed3 Qxd3 46. Qxd3+ Kh6 47. Qd6+ Nf6 48. Qa3 Nd5 49. Qxa4 Nc3 50.
Qc4 Bf6 51. Qe6 Kg6 52. Qb6 Nd5 53. Qxb7 Nc3 54. Qc6 Nb1 55. b6 Nc3 56. b7 1-0

[Event "Early-Titled-Tuesday-Blitz-February-27-2024"]
[Site "Chess.com"]
[Date "2024.02.27"]
[Round "1"]
[White "secrethawk1"]
[Black "alexrustemov"]
[Result "1-0"]
[WhiteElo "2500"]
[BlackElo "2843"]
[TimeControl "180+1"]
[EndTime "8:08:10 PST"]
[Termination "secrethawk1 won on time"]

1. d4 d5 2. Bf4 Nf6 3. e3 c5 4. c3 Nc6 5. Nd2 Bg4 6. Ngf3 e6 7. Be2 Be7 8. O-O O-O 9. h3 Bh5 10. Ne5 Bxe2 11. Qxe2 Rc8 12. a4 a6 13. Rfd1 Qb6 14.
Ndf3 h6 15. Bh2 Rfd8 16. Rdb1 Ne4 17. Nd2 Nxd2 18. Qxd2 Bd6 19. Nxc6 Qxc6 20. Bxd6 Rxd6 21. b4 cxd4 22. cxd4 Qc2 23. Qe1 Rdc6 24. b5 axb5 25.
axb5 R6c7 26. b6 Rc6 27. Qb4 Qe2 28. Rf1 Qc4 29. Qa5 Qc3 30. Qa7 Qb4 31. Qxb7 Qxb6 32. Qxb6 Rxb6 33. Rab1 Rbc6 34. Rbd1 Rc2 35. Rb1 g5 36.
Rb7 Kg7 37. g3 Re2 38. Kg2 Rcc2 39. Rbb1 h5 40. Rbe1 Red2 41. Rd1 g4 42. Rxd2 Rxd2 43.
hxg4 hxg4 44. Rh1 Kg6 45. Rh8 f6 46. Rg8+ Kf5 47. Rf8 Ra2 48. Rf7 Kg6 49. Re7 1-0

[Event "Early-Titled-Tuesday-Blitz-February-27-2024"]
[Site "Chess.com"]
[Date "2024.02.27"]
[Round "1"]
[White "jens1102"]
[Black "nicolasbatista3"]
[Result "0-1"]
[WhiteElo "2675"]
[BlackElo "2407"]
[TimeControl "180+1"]
[EndTime "8:08:10 PST"]
[Termination "nicolasbatista3 won by checkmate"]

1. c4 c6 2. g3 d5 3. Bg2 Nf6 4. Nf3 e6 5. O-O Be7 6. b3 d4 7. e3 c5 8. exd4 cxd4 9. Ne5 Nbd7 10. Nxd7 Qxd7 11. Ba3 O-O 12. d3 Rb8 13. Bxe7 Qxe7 14. Nd2 b5 15. Re1 bxc4 16. dxc4 Rd8 17. Ne4 Nxe4 18.
Bxe4 a5 19. Qh5 f5 20. Bd5 Qf6 21. Bg2 a4 22. Qf3 Bb7 23. Qd3 Bxg2 24. Kxg2 e5 25. f3 g5 26. c5 g4 27. fxg4 e4 28. Qc4+ Kh8 29. Rf1 d3 30. c6 Rbc8 31. gxf5 Rxc6 32. Qxe4 Rc2+ 33. Kh3 Rd4 34. Qe8+ Kg7 35. Qh5 Re4 36.
Rf4 Ree2 37. Rg4+ Kf8 38. Rh1 Qf7 39. Qxf7+ Kxf7 40. Rd4 d2 41. Rd1 Rxa2 42. Kg4 axb3 43. Rb4 Re3 44. Rb7+ Kf6 45. Rb6+ Ke5 46. Re6+ Kd5 47. Kf4 Rxe6 48. fxe6 Kxe6 49. Ke3 b2 50. Rb1 Ra1 51. Rxb2 d1=Q 52. Rb6+ Kd7 53. Rh6 Qe1+ 54. Kf4 Qc1+ 55. Kf5 Qxh6 56. Kg4 Qxh2 57. Kg5 Qe2 58. Kf6 Qc2 59. Kg7 Qb1 60. g4 Ra4 61. g5 Rg4 62.
Kh6 Rxg5 63. Kxg5 Qg6+ 64. Kh4 Ke6 65. Kh3 Ke5 66. Kh4 Kf4 67. Kh3 Qg3# 0-1

[Event "Early-Titled-Tuesday-Blitz-February-27-2024"]
[Site "Chess.com"]
[Date "2024.02.27"]
[Round "1"]
[White "N4700000"]
[Black "Kobalia"]
[Result "1/2-1/2"]
[WhiteElo "2467"]
[BlackElo "2812"]
[TimeControl "180+1"]
[EndTime "8:08:11 PST"]
[Termination "Game drawn - insufficient material"]

1. e4 c5 2. a3 e6 3. b4 cxb4 4. axb4 Bxb4 5. c3 Be7 6. d4 d6 7. Bd3 Nf6 8. f4 Nc6 9. Nf3 d5 10.
e5 Ne4 11. O-O f5 12. exf6 Bxf6 13. Ne5 O-O 14. Qe2 Bxe5 15. fxe5 Rxf1+ 16. Qxf1 Bd7 17. Qf3 Qh4 18. g3 Qh3 19. Ba3 Qf5 20. Bxe4 Qxe4 21. Qxe4 dxe4 22. Nd2 e3 23. Nc4 Rc8 24. Nd6 Rb8 25. Re1 b5 26. Bc5 a5 27. Rxe3 b4 28. cxb4 axb4 29. Rb3 h6 30. Nc4 Be8 31. Ne3 Ra8 32. Rb2 Ra3 33. Nc4 Rc3 34. Nd6 Bg6 35. Bxb4 Rc1+ 36. Kf2 Nxd4 37. Bc5 Nc6 38. Be3 Ra1 39.
Bf4 Kh7 40. h4 Bh5 41. Rb6 Ra2+ 42. Ke3 Ne7 43. Rb7 Nd5+ 44. Kd4 Ra4+ 45. Kc5 Nxf4 46. gxf4 Rxf4 47. Re7 Rxh4 48. Rxe6 Rg4 49. Re7 Bg6 50. e6 h5 51. Nf7 h4 52. Re8 Bf5 53. Rh8+ Kg6 54.
Ne5+ Kf6 55. Nxg4+ Bxg4 56. Rxh4 Bxe6 57. Rh1 g5 58. Rg1 g4 59. Rxg4 Bxg4 1/2-1/2

[Event "Early-Titled-Tuesday-Blitz-February-27-2024"]
[Site "Chess.com"]
[Date "2024.02.27"]
[Round "1"]
[White "Zkid"]
[Black "YoreDea"]
[Result "0-1"]
[WhiteElo "2920"]
[BlackElo "2528"]
[TimeControl "180+1"]
[EndTime "8:08:12 PST"]
[Termination "YoreDea won by resignation"]

1. e4 e6 2. d4 d5 3. Nc3 Nf6 4. e5 Nfd7 5. f4 c5 6. Nf3 Nc6 7. Be3 Qb6 8. Na4 Qa5+ 9. c3 cxd4 10. b4 Nxb4 11. cxb4 Bxb4+ 12. Bd2 Bc3 13. Rc1 Bxd2+ 14.
Nxd2 b5 15. Nb2 Nb6 16. Be2 Nc4 17. Nxc4 bxc4 18. O-O d3 19. Bf3 Rb8 20. f5 exf5 21. Rf2 O-O 22. g4 fxg4 23. Bxg4 Bxg4 24. Qxg4 Qa3 25.
Rcf1 c3 26. Nf3 c2 27. Qf4 Rb1 28. Kg2 c1=Q 29. Rxc1 Qxc1 30. Qd4 Qh1+ 31. Kg3 Rg1+ 32. Nxg1 Qxg1+ 33. Kf3 Qd1+ 34. Kg2 Re8 35. Qxd5 Qg4+ 36. Kf1 Qe6 37. Qxd3 Qxe5 38. Qd7 Rf8 39. Qxa7 Qb5+ 40. Kg2 g6 41. Qd4 Qc6+ 42. Kg3 Re8 43. Qf4 Qc3+ 44. Kg2 Qc6+ 45. Kg3 Qe6 46. a4 h5 47. a5 Rd8 48.
Rf3 Rd1 49. Qb8+ Kh7 50. Qb6 Qe1+ 51. Rf2 Rd3+ 52. Kg2 Qe4+ 53. Kg1 Rd1+ 54. Rf1 Qg4+ 55. Kf2 Qf4+ 56. Ke2 Rxf1 57. a6 Qf3+ 58. Kd2 Rd1+ 0-1

[Event "Early-Titled-Tuesday-Blitz-February-27-2024"]
[Site "Chess.com"]
[Date "2024.02.27"]
[Round "1"]
[White "LiamPutnam2008"]
[Black "Ticoluis"]
[Result "1-0"]
[WhiteElo "2804"]
[BlackElo "2450"]
[TimeControl "180+1"]
[EndTime "8:08:13 PST"]
[Termination "LiamPutnam2008 won by resignation"]

1. e4 e5 2. Nf3 Nc6 3. Bc4 Nf6 4.
d3 Bc5 5. c3 d6 6. O-O a6 7.
Bb3 O-O 8. h3 Ba7 9. Nbd2 Ne7 10. Re1 Ng6 11. Nf1 h6 12. Ng3 Nh7 13. d4 Qf6 14. Nh5 Qe7 15. Be3 Nf6 16. Ng3 Nh7 17.
Nh2 Be6 18. Nf5 Qd7 19. Qh5 Nf6 20. Qf3 Bxf5 21. Qxf5 Qxf5 22. exf5 Nh4 23. dxe5 Bxe3 24. Rxe3 dxe5 25. Rxe5 Rfe8 26. Rae1 Nxf5 27. Ng4 Nd6 28. Nxf6+ gxf6 29. R5e3 Rxe3 30. Rxe3 Kf8 31. g3 Rd8 32. Kg2 c5 33. Bd5 b5 34. b3 c4 35. bxc4 bxc4 36. Rf3 Kg7 37. Rf4 Rc8 38. Rg4+ Kf8 39. Rd4 Nb5 40.
Rxc4 Rxc4 41. Bxc4 Nxc3 42. Kf3 a5 43. Ke3 Na4 44.
Kd4 Nb6 45. Kc5 Nd7+ 46. Kb5 Ne5 47. Be2 Ke7 48. Kxa5 Kd6 49. Kb5 Nc6 50. a4 Nd4+ 51.
Kb6 Nxe2 52. a5 Nc3 53. a6 Nd5+ 54. Kb7 Nc7 55. a7 Kd7 56. Kb6 Kd6 57. h4 h5 58.
Kb7 Kd7 59. f3 Kd6 60. g4 hxg4 61. fxg4 Kd7 62. h5 Ne6 63. a8=Q Nc5+ 64. Kb6 Ne6 65. Qd5+ Ke7 66. h6 1-0

[Event "Early-Titled-Tuesday-Blitz-February-27-2024"]
[Site "Chess.com"]
[Date "2024.02.27"]
[Round "1"]
[White "Chessmissile07"]
[Black "Cambek64"]
[Result "1-0"]
[WhiteElo "2904"]
[BlackElo "2505"]
[TimeControl "180+1"]
[EndTime "8:08:14 PST"]
[Termination "Chessmissile07 won by resignation"]

1. a3 d5 2. d4 Bf5 3. Nf3 e6 4. e3 Nf6 5. Bd3 Bxd3 6. Qxd3 a6 7. O-O c5 8. dxc5 Bxc5 9. c4 Nc6 10. Nc3 dxc4 11.
Qxc4 Ba7 12. Rd1 Qe7 13. b4 O-O 14. Bb2 Rac8 15. Qh4 Rfd8 16. Ne4 Nxe4 17. Qxe4 h6 18. Qg4 f5 19. Qg6 Qf7 20. Qg3 Bb8 21. Qh4 Qe7 22. Qc4 Nd4 23. Qf1 Nxf3+ 24. gxf3 Qg5+ 25. Qg2 Qxg2+ 26. Kxg2 Kf7 27. f4 g5 28. fxg5 hxg5 29. Rac1 Ke8 30. Bf6 Rxd1 31. Rxc8+ Kf7 32. Rxb8 Kxf6 33. Rxb7 Rd6 34.
a4 g4 35. a5 Rc6 36. Rb6 Rc4 37. Kg3 Re4 38. h3 gxh3 39. Kxh3 Rg4 40. f4 Rg1 41.
Rxa6 Ke7 42. Rb6 Kd7 43. a6 Ra1 44. b5 Ra3 45. Kh4 Ra5 46. Kg5 Ke7 47. Rb7+ Kd6 48. a7 e5 49. b6 exf4 50. exf4 Kc6 51. Rb8 Ra1 52. a8=Q+ Rxa8 53. Rxa8 Kxb6 54. Re8 Kc7 55. Re5 Kd6 56. Kxf5 Kd7 57. Ke4 1-0

[Event "Early-Titled-Tuesday-Blitz-February-27-2024"]
[Site "Chess.com"]
[Date "2024.02.27"]
[Round "1"]
[White "vladoboch"]
[Black "LikeWater"]
[Result "1-0"]
[WhiteElo "2435"]
[BlackElo "2716"]
[TimeControl "180+1"]
[EndTime "8:08:14 PST"]
[Termination "vladoboch won by checkmate"]

1. e4 c5 2. Nf3 d6 3. d4 cxd4 4. Nxd4 Nf6 5. Nc3 g6 6. Be2 Bg7 7. O-O O-O 8. Bg5 Nc6 9. Nb3 a5 10. a4 Be6 11. Kh1 Bxb3 12. cxb3 Nb4 13. f4 Nd7 14. Qd2 Nc5 15. Bc4 Bxc3 16. bxc3 Nxe4 17. Qe3 d5 18. cxb4 Nxg5 19. Bd3 Ne6 20. f5 Ng7 21.
Rae1 e6 22. f6 Ne8 23. Qf4 Kh8 24. Re3 Qd6 25. Qh6 Nxf6 26. Rxf6 Rac8 27. Rh3 Rc1+ 28. Qxc1 Qe5 29. Qh6 Qa1+ 30. Rf1 Qg7 31. Qxg7+ Kxg7 32. bxa5 Rc8 33. a6 bxa6 34. Bxa6 Rc2 35. Rhf3 f5 36.
b4 Rb2 37. b5 e5 38. Bb7 d4 39.
Bc6 e4 40. R3f2 Rb4 41. a5 e3 42. Rc2 d3 43. Ra2 e2 44. Kg1 exf1=Q+ 45. Kxf1 Rb1+ 46.
Kf2 f4 47. a6 Kf6 48. a7 Rc1 49. a8=Q Rc2+ 50. Rxc2 dxc2 51. Qa1+ Kg5 52. Qc3 h5 53. Qxc2 Kh4 54. Qxg6 f3 55. Qg3# 1-0

[Event "Early-Titled-Tuesday-Blitz-February-27-2024"]
[Site "Chess.com"]
[Date "2024.02.27"]
[Round "1"]
[White "goodluck06"]
[Black "Rosh1610"]
[Result "1-0"]
[WhiteElo "2729"]
[BlackElo "2415"]
[TimeControl "180+1"]
[EndTime "8:08:14 PST"]
[Termination "goodluck06 won on time"]

1. Nf3 d5 2. e3 e6 3. c4 Nf6 4. Nc3 c5 5. cxd5 exd5 6. d4 Nc6 7. Bb5 Bg4 8. h3 Bxf3 9. Qxf3 a6 10. Bxc6+ bxc6 11. O-O Bd6 12. dxc5 Bxc5 13. b3 O-O 14. Bb2 Bd6 15. Rfd1 Bc7 16. Ne2 Ne4 17. Qg4 g6 18.
Nf4 f5 19. Qf3 Qd6 20. g3 Ng5 21. Qg2 Ne6 22. Nd3 Rae8 23. Rac1 Ng5 24. Nc5 Ne4 25. Nxa6 Bb6 26. Bd4 c5 27. Bb2 Ra8 28. Qf1 Ba5 29.
Nxc5 Nxc5 30. Qb5 Ne4 31. Rxd5 Qb8 32. Qd7 Rf7 33. Qe6 Nxg3 34. Rd7 Ne2+ 35. Kf1 Ng3+ 36. fxg3 Qb5+ 37. Kg2 Qxd7 38. Qe5 Qd2+ 39. Kf3 Kf8 40. Qh8+ Ke7 41. Qe5+ Kd7 42. Qb5+ Kd8 43. Bd4 Rd7 44. Qe5 Re7 45. Qh8+ Re8 46. Qf6+ Re7 47. Qd6+ Ke8 48. Qc6+ Kf8 49. Qxa8+ Kf7 50. Qd5+ Kf8 51. Rc8+ Re8 52. Bc5+ Kg7 53. Qxd2 Rxc8 54. Qxa5 1-0

[Event "Early-Titled-Tuesday-Blitz-February-27-2024"]
[Site "Chess.com"]
[Date "2024.02.27"]
[Round "1"]
[White "kingofthenil"]
[Black "JoliyRoger"]
[Result "1-0"]
[WhiteElo "2737"]
[BlackElo "2420"]
[TimeControl "180+1"]
[EndTime "8:08:15 PST"]
[Termination "kingofthenil won on time"]

1. Nf3 Nf6 2. b3 c5 3. Bb2 Nc6 4. e3 a6 5. c4 e6 6. Be2 Be7 7. O-O O-O 8. d4 cxd4 9. Nxd4 Qc7 10. Nd2 Ne5 11. Rc1 d6 12. f4 Ng6 13. g4 h6 14. Bd3 Re8 15. g5 hxg5 16. fxg5 Nh7 17. h4 Ne5 18. Bxh7+ Kxh7 19. Qh5+ Kg8 20. Ne4 Qd8 21.
Rc2 d5 22. Rcf2 g6 23. Qe2 Bd6 24. Nxd6 Qxd6 25. Nf3 Ng4 26. Rg2 e5 27. cxd5 e4 28. Nd2 Qxd5 29. Nc4 Qe6 30. Rf4 b5 31. Rgxg4 bxc4 32. Rg2 c3 33. Bxc3 Bb7 34. Bd4 Rac8 35. Kh2 Rc1 36.
Qf2 Rec8 37. Qg3 R1c2 38. Rgf2 Rxf2+ 39. Qxf2 Bd5 40. Kg3 Qc6 41. Rf6 Be6 42. Qf4 Qc7 43. Qxc7 Rxc7 44. h5 gxh5 45. g6 Rd7 46. g7 Rd5 47.
Rh6 f6 48. Bxf6 Kf7 49. Bd4 1-0

[Event "Early-Titled-Tuesday-Blitz-February-27-2024"]
[Site "Chess.com"]
[Date "2024.02.27"]
[Round "1"]
[White "chess94cu"]
[Black "Defenstrator"]
[Result "1-0"]
[WhiteElo "2691"]
[BlackElo "2391"]
[TimeControl "180+1"]
[EndTime "8:08:15 PST"]
[Termination "chess94cu won on time"]

1. Nf3 Nc6 2. d4 d6 3. e4 Bg4 4. c3 e5 5. Bb5 Ne7 6. Bg5 f6 7.
Bh4 d5 8. h3 Bh5 9. dxe5 dxe4 10.
Qxd8+ Kxd8 11. exf6 exf3 12. Bxc6 bxc6 13. fxe7+ Bxe7 14.
Bxe7+ Kxe7 15. g4 Bg6 16. Nd2 Rhe8 17. O-O-O Kf8 18. Rhe1 Re2 19. Rxe2 fxe2 20. Re1 Bd3 21. Nb3 Kg8 22. Nd4 Rf8 23. Kd2 Bc4 24. b3 Bd5 25. Rxe2 Bg2 26. f3 Bxf3 27. Re7 Bg2 28. Ne6 Rf2+ 29. Ke3 Rf3+ 30. Kd4 Rxh3 31. Rxg7+ Kh8 32. Rxc7 h5 33. gxh5 Rxh5 34. Rxa7 Rd5+ 35. Kc4 Rd2 36. Nd4 Bd5+ 37. Kc5 Rd3 38. c4 Be4 39. Nxc6 Rd2 40.
Nd4 Kg8 41. a4 Kf8 42. a5 Ke8 43. a6 Ra2 44. b4 Kd8 45. b5 Kc8 46. Re7 Bg2 47. Nc6 Ra1 48. Kb6 1-0

[Event "Early-Titled-Tuesday-Blitz-February-27-2024"]
[Site "Chess.com"]
[Date "2024.02.27"]
[Round "1"]
[White "ChessLover0108"]
[Black "Lion-Al-Messi"]
[Result "1-0"]
[WhiteElo "2961"]
[BlackElo "2518"]
[TimeControl "180+1"]
[EndTime "8:08:16 PST"]
[Termination "ChessLover0108 won by resignation"]

1. Nf3 Nf6 2. c4 b6 3. g3 Bb7 4. Bg2 e6 5. O-O Be7 6. Nc3 O-O 7. Re1 d5 8. cxd5 exd5 9. d4 c5 10. Bf4 Nbd7 11. h4 Ne4 12. Rc1 Ndf6 13. e3 a6 14.
Ne5 h6 15. dxc5 bxc5 16. Qb3 Qc8 17. Nxe4 Nxe4 18. Red1 c4 19. Nxc4 dxc4 20. Rxc4 Nc5 21. Bxb7 Qxb7 22. Qxb7 Nxb7 23. Rc7 Rfd8 24. Rxd8+ Rxd8 25.
Rxb7 Bf6 26. b3 Rd2 27. a4 g5 28. hxg5 hxg5 29. Bc7 Rc2 30. g4 Kg7 31. Bg3 Rb2 32. Rb6 a5 33. Kg2 Bc3 34. Rc6 Bf6 35. Rc5 Rxb3 36.
Rxa5 Ra3 37. Ra8 Bc3 38. Kf3 f6 39. Ke4 Kg6 40. Bd6 Ra2 41. Bf8 Rxf2 42. Ra7 f5+ 43. gxf5+ Rxf5 44. Ra6+ Bf6 45. Bd6 g4 46. Rc6 Ra5 47. Rc4 Ra6 48. Bf4 Re6+ 49. Kd3 Kf5 50. Rc5+ Kg6 51. Ke2 Re4 52. Kf2 Rxa4 53. Kg3 Ra1 54.
Kxg4 Rg1+ 55. Kf3 Rf1+ 56. Ke4 Ra1 57. Rc6 Ra4+ 58. Kf3 Ra3 59. Be5 Ra1 60. Bxa1 1-0

[Event "Early-Titled-Tuesday-Blitz-February-27-2024"]
[Site "Chess.com"]
[Date "2024.02.27"]
[Round "1"]
[White "Actuary44"]
[Black "Fandorine"]
[Result "0-1"]
[WhiteElo "2508"]
[BlackElo "2916"]
[TimeControl "180+1"]
[EndTime "8:08:16 PST"]
[Termination "Fandorine won by resignation"]

1. e4 c5 2. d4 cxd4 3. c3 d3 4. Bxd3 Nc6 5. f4 g6 6. Nf3 Bg7 7. O-O d6 8. Kh1 Nf6 9. Qe1 O-O 10. Be3 Bg4 11. Nbd2 Rc8 12. Qh4 Bxf3 13. Rxf3 e6 14. Rh3 h5 15. Be2 Ng4 16. Bxg4 Qxh4 17. Rxh4 hxg4 18.
Rxg4 Rfd8 19. Rd1 b5 20. a3 d5 21. e5 d4 22. cxd4 Nxd4 23. Ne4 Nf5 24. Rxd8+ Rxd8 25. Bxa7 Rd1+ 26. Bg1 Re1 27. Nc3 Bf8 28. b4 Be7 29. Rg3 Nxg3+ 30. hxg3 g5 31. Kh2 g4 32. Nxb5 Kg7 33. Nd4 Ra1 34. f5 exf5 35. Nxf5+ Kf8 36.
b5 Bxa3 37. b6 Rb1 38. Nh6 Ke7 39. Nxg4 Ke6 40. Nh6 Bf8 41. Ng4 Be7 42. Kh3 Rxg1 43. b7 Rh1+ 44. Nh2 Rb1 45. g4 Rxb7 46. Kg3 Rb3+ 47. Nf3 Bd8 48. Kf4 Rb4+ 49. Ke3 Bb6+ 50. Kd3 Rb3+ 51. Ke4 Re3+ 52. Kf4 Re2 53. Ng5+ Ke7 54.
Ne4 Rxg2 55. Nd6 Rf2+ 56. Kg3 Rc2 57. Nc8+ Rxc8 58. Kf4 Ke6 59. Ke4 Rg8 0-1

[Event "Early-Titled-Tuesday-Blitz-February-27-2024"]
[Site "Chess.com"]
[Date "2024.02.27"]
[Round "1"]
[White "ValentinDragnev"]
[Black "Piotrek1979"]
[Result "1-0"]
[WhiteElo "2757"]
[BlackElo "2432"]
[TimeControl "180+1"]
[EndTime "8:08:16 PST"]
[Termination "ValentinDragnev won on time"]

1. d4 c5 2. d5 d6 3. Nc3 a6 4. a4 g6 5. e4 Bg7 6. Be2 Nf6 7. Nf3 Bg4 8. Nd2 Bxe2 9. Qxe2 O-O 10. Nc4 Nbd7 11.
a5 b5 12. axb6 Nxb6 13. O-O Nfd7 14. Na5 Qc7 15. Nc6 e6 16. Rxa6 Rxa6 17. Qxa6 Bxc3 18. bxc3 exd5 19. Ne7+ Kg7 20. Nxd5 Nxd5 21. exd5 Re8 22. c4 Kg8 23. Bf4 Ne5 24. Rb1 Qe7 25. h3 Qf6 26.
Bg3 h5 27. h4 g5 28. hxg5 Qxg5 29. Qxd6 Nxc4 30. Qf4 Qxd5 31. Bh4 Re4 32. Rb8+ Kh7 33. Qf6 Qd1+ 34. Kh2 Qd6+ 35. Qxd6 Nxd6 36. Bf6 Nf5 37. Rc8 Kg6 38. Bb2 Rc4 39. Rc6+ Kh7 40. c3 Ng7 41. Rc7 Kg6 42. Rc6+ Ne6 43. f3 Kf5 44. Rc8 f6 45. Rh8 Kg6 46. Rg8+ Kf7 47. Rh8 Kg6 48. Ra8 Kf7 49.
Ra6 Ng5 50. Ra1 Ne6 51. Kg3 Ng7 52. Kf2 Nf5 53. Ke2 Rh4 54. Ra5 Rh2 55. Kf2 h4 56. Kg1 Rxg2+ 57. Kxg2 1-0

[Event "Early-Titled-Tuesday-Blitz-February-27-2024"]
[Site "Chess.com"]
[Date "2024.02.27"]
[Round "1"]
[White "Mikasinski"]
[Black "ClauSanLuis"]
[Result "1-0"]
[WhiteElo "2664"]
[BlackElo "2330"]
[TimeControl "180+1"]
[EndTime "8:08:16 PST"]
[Termination "Mikasinski won by checkmate"]

1. e4 c5 2. Nf3 Nc6 3. c3 Nf6 4.
e5 Nd5 5. d4 cxd4 6. Bc4 Nb6 7.
Bb3 e6 8. cxd4 d6 9. O-O dxe5 10. dxe5 Qxd1 11. Rxd1 Bc5 12. Nc3 O-O 13. Ne4 Be7 14. Bg5 Bd7 15. Bxe7 Nxe7 16. Nd6 Bc6 17. Nd4 a5 18.
Rac1 a4 19. Bc2 Bd5 20. a3 Nc6 21. Nxc6 bxc6 22. Be4 Rfb8 23. Rd2 Kf8 24. f4 Ke7 25. Kf2 f5 26. Bb1 Nc8 27. Nc4 Rb5 28. Ne3 Rab8 29. Nxd5+ cxd5 30. Rc7+ Kf8 31. Bd3 R5b7 32. Rxb7 Rxb7 33.
Ba6 Rc7 34. Rd4 Nb6 35. Rb4 Rc2+ 36. Kg3 Nc4 37. Bxc4 dxc4 38. Rxa4 c3 39. bxc3 Rxc3+ 40. Kf2 Kf7 41. Ra7+ Kf8 42. Ra6 Kf7 43. a4 Ra3 44.
a5 h6 45. g3 g5 46. Ra7+ Kf8 47. a6 gxf4 48. gxf4 h5 49. Ra8+ Kf7 50. a7 Kg7 51. Ke2 h4 52. Kd2 h3 53. Kc2 Ra2+ 54. Kb3 Ra1 55.
Kb4 Rb1+ 56. Kc5 Ra1 57. Kd6 Ra6+ 58. Ke7 Kh7 59. Kf6 Ra1 60. Kxe6 Ra6+ 61. Kxf5 Rf6+ 62.
exf6 Kh6 63. Rh8# 1-0

[Event "Early-Titled-Tuesday-Blitz-February-27-2024"]
[Site "Chess.com"]
[Date "2024.02.27"]
[Round "1"]
[White "Triumphmate"]
[Black "Njal28"]
[Result "0-1"]
[WhiteElo "2522"]
[BlackElo "3001"]
[TimeControl "180+1"]
[EndTime "8:08:17 PST"]
[Termination "Njal28 won by resignation"]

1. e4 e5 2. Nf3 Nc6 3. Nc3 Nf6 4. Bb5 Nd4 5. Nxd4 exd4 6. e5 dxc3 7. exf6 Qxf6 8.
dxc3 Bc5 9. Qe2+ Qe6 10. Bc4 Qxe2+ 11. Kxe2 O-O 12. Re1 c6 13. Be3 Bxe3 14. Kxe3 d5 15. Bd3 c5 16. c4 Be6 17. cxd5 Bxd5 18. f3 Rad8 19. Rad1 Rfe8+ 20. Kf2 Rxe1 21. Kxe1 Re8+ 22. Kf2 Be6 23. b3 Kf8 24. a4 Rd8 25. Re1 Bxb3 26.
a5 Bd5 27. h4 h6 28. Bf5 Bc6 29. Kg3 g6 30. Bd3 Rd4 31. Re5 b6 32. axb6 axb6 33. h5 g5 34. Re1 b5 35. Rb1 c4 36. Be4 Bxe4 37. fxe4 Rxe4 38. Rxb5 Re2 39. Rb2 c3 40. Ra2 Kg7 41. Kf3 Rd2 42. Kg3 f5 43. Kf3 Kf6 44.
Ra6+ Ke5 45. Rxh6 g4+ 46. Kg3 Rxc2 47. Rc6 f4+ 48. Kxg4 Rxg2+ 49. Kh3 Rg3+ 50. Kh4 Kd4 51. h6 Rg1 52. Rc8 f3 53. Rf8 c2 54. h7 Rh1+ 55. Kg3 c1=Q 56. Rd8+ Ke5 57. Re8+ Kf6 58. Re1 Qxe1+ 0-1

[Event "Early-Titled-Tuesday-Blitz-February-27-2024"]
[Site "Chess.com"]
[Date "2024.02.27"]
[Round "1"]
[White "DishonorOnYourCow"]
[Black "VladimirBugayev"]
[Result "1-0"]
[WhiteElo "2602"]
[BlackElo "2231"]
[TimeControl "180+1"]
[EndTime "8:08:18 PST"]
[Termination "DishonorOnYourCow won on time"]

1. d4 Nf6 2. c4 c5 3. d5 b5 4. cxb5 a6 5. bxa6 Bxa6 6. Nc3 g6 7. Nf3 Bg7 8. e4 Bxf1 9. Kxf1 d6 10. g3 O-O 11. Kg2 Qb6 12. a4 Na6 13. Qe2 Nc7 14. Rb1 Nd7 15. Be3 Rfb8 16. Bg5 h6 17.
Bxe7 Re8 18. Bh4 g5 19. Bxg5 hxg5 20. Nxg5 Qb4 21. Qh5 Ne5 22. Qh7+ Kf8 23. Qf5 Re7 24. h4 Rxa4 25. Nxa4 Qxa4 26. Ra1 Qc2 27. Ra7 Nxd5 28. Qc8+ Re8 29. Nh7+ Kg8 30. Qxe8+ Kxh7 31. Re1 Qd2 32. Raa1 Nd3 33. Rf1 Ne3+ 34. Kg1 Nxf1 35. Rxf1 Qxb2 36.
Qxf7 Qf6 37. Qh5+ Kg8 38. Qd5+ Kh7 39. Qxd3 Qe5 40. Qf3 Bh6 41. Qf7+ Bg7 42. Qf3 c4 43. Rb1 c3 44. Rb7 c2 45. Rc7 Qa1+ 46. Kg2 c1=Q 47. Qf5+ Kh6 48. Qe6+ Kh7 49. Qf5+ Kh6 50. Rxc1 Qxc1 51.
Qe6+ Kh7 52. Qxd6 Qh6 53. Qxh6+ Kxh6 54. f4 Kg6 55. Kf3 Bd4 56. g4 Bb2 57. h5+ Kh6 58.
e5 Ba1 59. Ke4 Bb2 60. Kf5 Bc1 61. e6 Ba3 62. Kf6 1-0

[Event "Early-Titled-Tuesday-Blitz-February-27-2024"]
[Site "Chess.com"]
[Date "2024.02.27"]
[Round "1"]
[White "Susal_De_Silva"]
[Black "ritanovikova"]
[Result "1-0"]
[WhiteElo "2600"]
[BlackElo "2226"]
[TimeControl "180+1"]
[EndTime "8:08:19 PST"]
[Termination "Susal_De_Silva won by checkmate"]

1. Nf3 Nf6 2. c4 g6 3. g3 Bg7 4. b3 O-O 5. Bb2 d6 6. d4 c6 7. Bg2 Qc7 8. O-O Nbd7 9. Nc3 Re8 10. Qc2 e5 11. dxe5 dxe5 12. Rad1 a5 13. Ng5 h6 14.
Nge4 Nxe4 15. Nxe4 Nf6 16. Nd6 Re6 17. c5 Ne8 18.
Nc4 Re7 19. Nb6 Rb8 20. Bc3 Bf5 21. e4 Bg4 22. f3 Be6 23. Bxa5 Rd7 24. Rxd7 Bxd7 25.
b4 Be6 26. Rd1 Qe7 27. a4 f5 28. Nc4 Bxc4 29. Qxc4+ Kh7 30. exf5 gxf5 31. Bh3 Qg5 32. f4 exf4 33. Qxf4 Qxf4 34. gxf4 Kg6 35. Kf2 Bf6 36. Kf3 Ng7 37. Bc7 Ra8 38. a5 Ne6 39. Bd6 Nd4+ 40.
Ke3 Nc2+ 41. Kd2 Nxb4 42. Rg1+ Kf7 43. Bxf5 Rxa5 44. Bg6+ Ke6 45. Re1+ Kd5 46. Re8 Kc4 47. Rf8 Bc3+ 48. Ke2 Ra2+ 49. Kf3 Rxh2 50. f5 Nd5 51. Bxh2 Kxc5 52. Bg1+ Kc4 53. Bf7 b5 54. Bxd5+ cxd5 55. f6 b4 56. f7 b3 57. Rc8+ Kd3 58. f8=Q b2 59. Qf5+ Kd2 60. Be3+ Ke1 61. Qb1# 1-0

[Event "Early-Titled-Tuesday-Blitz-February-27-2024"]
[Site "Chess.com"]
[Date "2024.02.27"]
[Round "1"]
[White "HelvertHernandez"]
[Black "Viacheslav92"]
[Result "0-1"]
[WhiteElo "1997"]
[BlackElo "2553"]
[TimeControl "180+1"]
[EndTime "8:08:20 PST"]
[Termination "Viacheslav92 won on time"]

1. e4 c5 2. Nf3 d6 3. d4 cxd4 4. Nxd4 Nf6 5. Nc3 a6 6. Be3 e5 7. Nb3 Be6 8. f3 Nbd7 9. Qd2 b5 10. O-O-O Rc8 11. Kb1 Nb6 12. g4 Be7 13. g5 Nh5 14. h4 O-O 15. Nd5 Bxd5 16. exd5 Nc4 17. Bxc4 Rxc4 18.
Na5 Rc8 19. Nc6 Qd7 20. Qa5 Ra8 21. Rhf1 Rfc8 22. f4 exf4 23. Bxf4 Bf8 24. Bh2 g6 25. Qd2 Bg7 26. Qb4 Bf8 27. Rf2 a5 28. Qxb5 Rcb8 29.
Qd3 Rb7 30. Qf3 Bg7 31. c3 a4 32. a3 Qc7 33. Rdf1 Rf8 34. Ka2 Qb6 35. Nb4 Qc5 36.
Qd3 Re7 37. Re2 Rfe8 38. Rfe1 Rxe2 39. Rxe2 Rb8 40. Qe3 Qc4+ 41. Kb1 Bf8 42. Qd2 Ng7 43. Re3 Nf5 44. Rd3 Qe4 45. Ka2 Qc4+ 46. Ka1 Qe4 47.
Ka2 Qc4+ 48. Ka1 Qxh4 49. Ka2 Qc4+ 50. Ka1 h5 51. Kb1 h4 52. Kc2 Qe4 53. Kb1 h3 54. Ka2 Qg2 55. Nc2 Re8 56. Nd4 Nxd4 57. Rxd4 Re2 58.
Qc1 Qxh2 59. Rd1 Qg2 60. Qb1 h2 0-1